 Dungeon Crawl Stone Soup version 0.31-a0-700-gf13585253f (webtiles) character file.

Game seed: 11940971907024773063

359 qw the Shooter (level 6, -4/38 HPs)
             Began as a Gargoyle Hunter on Sept 7, 2023.
             Slain by a gnoll
             ... wielding a +0 spear
              (8 damage)
             ... on level 4 of the Dungeon.
             The game lasted 00:01:13 (3162 turns).

qw the Shooter (Gargoyle Hunter)                    Turns: 3162, Time: 00:01:14

Health: -4/38      AC: 11    Str: 15    XL:     6   Next: 65%
Magic:  6/6        EV: 11    Int:  9    God:
Gold:   90         SH:  0    Dex: 15    Spells: 5/5 levels left

rFire   . . .        Y - +0 shortbow
rCold   . . .        (shield currently unavailable)
rNeg    + . .        k - +0 ring mail
rPois   inf          f - +0 helmet
rElec   +            (no cloak)
rCorr   .            (no gloves)
SInv    .            a - +0 pair of boots
Will    .....        (no amulet)
Stlth   +            (no ring)
HPRegen 0.26/turn    (no ring)
MPRegen 0.10/turn

%: no passive effects
@: no status effects
A: sickness immunity, AC +4, negative energy resistance 1, electricity
resistance, torment resistance 1, petrification resistance
a: no special abilities


You were on level 4 of the Dungeon.
You visited 1 branch of the dungeon, and saw 4 of its levels.

You collected 90 gold pieces.


Innate Abilities, Weirdness & Mutations

You are immune to sickness and miasma.
Your stone body is resilient. (AC +4)
You are immune to poison.
You resist negative energy. (rN+)
You are resistant to electric shocks. (rElec)
You are resistant to unholy torment.
You are immune to petrification.


   Skills:
 - Level 4.2 Fighting
 + Level 6.8 Ranged Weapons
 - Level 1.0 Armour
 - Level 1.5 Dodging
 - Level 1.1 Stealth


You had 5 spell levels left.
You didn't know any spells.
Your spell library was empty.

Inventory:

Hand Weapons
 Y - a +0 shortbow (weapon)
Armour
 a - a +0 pair of boots (worn)
 f - a +0 helmet (worn)
 k - a +0 ring mail (worn)
Wands
 i - a wand of digging (6)
Potions
 b - a potion of degeneration {unknown}
 c - a potion of might {unknown}
 d - a potion of curing {unknown}
 e - a potion of resistance {unknown}
 g - 2 potions of haste
 h - a potion of brilliance {unknown}
 j - a potion of enlightenment {unknown}

Dungeon Overview and Level Annotations

Branches:
Dungeon (4/15)
 Temple: D:4-7

Altars:
Cheibriados
Sif Muna
Xom

Annotations:
D:3 exclusion: kobold


Message History

The jackal bites you but does no damage.
A gnoll comes into view. It is wielding a +0 spear.
You shoot an arrow. The gnoll shouts!
The arrow hits the gnoll but does no damage.
The jackal bites you but does no damage.
The jackal closely misses you. The jackal bites you. x2
The gnoll closely misses you. The gnoll hits you with a +0 whip.
You shoot an arrow. The arrow hits the gnoll!
The gnoll is severely wounded.
The jackal bites you but does no damage.
The jackal barely misses you. The gnoll hits you but does no damage.
The gnoll barely misses you.
The jackal bites you but does no damage. x2
The jackal barely misses you.
You shoot an arrow. The arrow hits the gnoll.
You kill the gnoll!
The jackal bites you.
The jackal bites you but does no damage.
The jackal barely misses you. The gnoll closely misses you.
The jackal barely misses you.
You shoot an arrow. The arrow hits the jackal.
The jackal is moderately wounded.
The jackal bites you but does no damage. x2
The gnoll hits you from afar with a +0 halberd!
The gnoll closely misses you.
The jackal bites you but does no damage.
The jackal barely misses you.
The jackal bites you but does no damage.
You shoot an arrow. The arrow barely misses the jackal.
The jackal bites you but does no damage.
The jackal closely misses you.
The jackal bites you but does no damage.
The gnoll hits you from afar with a +0 halberd!
The gnoll barely misses you. The jackal closely misses you.
The jackal barely misses you.
The jackal bites you but does no damage.
The gnoll hits you from afar with a +0 halberd.
The gnoll hits you from afar with a +0 spear!
You die...

##...##.P._.P.#####
## #............#
####.........#
#>......####
##.......#
#.#.....#
#.......####.
#....)hg.....
#....@hgg....
##...h####...
###.## ###


You could see 3 gnolls and 3 jackals.

Vanquished Creatures
  2 scorpions (D:4)
  2 hounds
  A sleepcap (D:4)
  An iguana (D:4)
  An orc wizard (D:3)
  A gnoll (D:4)
  An adder (D:3)
  3 worms (D:3)
  3 dart slugs
  2 orcs (D:3)
  8 ball pythons
  6 bats
  6 endoplasms
  5 giant cockroaches
  4 hobgoblins
  A jackal (D:4)
  5 kobolds
  5 quokkas
  2 frilled lizards
  6 goblins
  5 rats
70 creatures vanquished.

Vanquished Creatures (others)
  An orc wizard (D:3)
  A ball python (D:3)
  A giant cockroach (D:3)
  A goblin (D:3)
4 creatures vanquished.

Grand Total: 74 creatures vanquished

Notes
Turn   | Place    | Note
-------+----------+-------------------------------------------
     0 | D:1      | qw the Gargoyle Hunter began the quest for the Orb.
     0 | D:1      | Reached XP level 1. HP: 12/12 MP: 1/1
     0 | D:1      | 0 ||| qw: Version: 0.3-a-76-g4403597
     0 | D:1      | 0 ||| qw: Game counter: 535
     0 | D:1      | 0 ||| qw: Melee chars always use a shield: true
     0 | D:1      | 0 ||| qw: God list: Okawaru
     0 | D:1      | 0 ||| qw: Allow faded altars: false
     0 | D:1      | 0 ||| qw: Do Orc after clearing Dungeon:15 true
     0 | D:1      | 0 ||| qw: Do second Lair branch before Depths: true
     0 | D:1      | 0 ||| qw: Lair rune preference: random
     0 | D:1      | 0 ||| qw: Goals: Normal
     0 | D:1      | 0 ||| PLANNING D:1-11
   293 | D:1      | Reached XP level 2. HP: 17/17 MP: 2/2
   739 | D:1      | Reached XP level 3. HP: 21/21 MP: 3/3
   754 | D:1      | Reached skill level 5 in Ranged Weapons
   800 | D:1      | 800 ||| UPGRADING to +0 helmet.
   805 | D:1      | 805 ||| UPGRADING to +0 ring mail.
   815 | D:1      | 815 ||| DROPPING +0 leather armour.
   816 | D:1      | 816 ||| READING scroll labelled DIWUED HESCH.
   817 | D:1      | 817 ||| READING scroll labelled ZOERCH HYARR.
   818 | D:1      | 818 ||| READING scroll labelled EDACZOH OROGI.
   822 | D:1      | 822 ||| DROPPING scroll of butterflies.
   836 | D:2      | 836 ||| STAIRDANCE
   886 | D:2      | Found a faded altar of an unknown god.
  1141 | D:2      | Reached skill level 1 in Armour
  1576 | D:2      | 1576 ||| READING scroll labelled TAYLAG TUAK.
  1577 | D:2      | 1577 ||| READING scroll labelled POAMIBUTZI.
  1594 | D:2      | 1594 ||| DRINKING 3 smoky black potions.
  1595 | D:2      | 1595 ||| DRINKING 3 fuming silvery potions.
  1596 | D:2      | 1596 ||| DRINKING 2 clear potions.
  1597 | D:2      | 1597 ||| DROPPING 2 potions of invisibility.
  1682 | D:3      | Identified the +8 trident of Conflict {speed, Will+}
  1867 | D:3      | Reached skill level 3 in Fighting
  1867 | D:3      | Reached XP level 4. HP: 28/28 MP: 4/4
  1926 | D:3      | Found a shimmering altar of Xom.
  1930 | D:3      | 1930 ||| UPGRADING to +0 pair of boots.
  2207 | D:3      | Found a shimmering blue altar of Sif Muna.
  2384 | D:3      | 2384 ||| FLEEEEING.
  2385 | D:3      | 2385 ||| FLEEEEING.
  2386 | D:3      | 2386 ||| FLEEEEING.
  2389 | D:3      | 2389 ||| FLEEEEING.
  2390 | D:3      | 2390 ||| FLEEEEING.
  2391 | D:3      | 2391 ||| FLEEEEING.
  2392 | D:3      | 2392 ||| FLEEEEING.
  2393 | D:3      | 2393 ||| FLEEEEING.
  2394 | D:3      | 2394 ||| FLEEEEING.
  2395 | D:3      | 2395 ||| FLEEEEING.
  2396 | D:3      | 2396 ||| FLEEEEING.
  2397 | D:3      | 2397 ||| FLEEEEING.
  2398 | D:3      | 2398 ||| FLEEEEING.
  2399 | D:3      | 2399 ||| FLEEEEING.
  2400 | D:3      | 2400 ||| FLEEEEING.
  2401 | D:3      | 2401 ||| FLEEEEING.
  2402 | D:3      | 2402 ||| FLEEEEING.
  2403 | D:3      | 2403 ||| FLEEEEING.
  2404 | D:3      | 2404 ||| FLEEEEING.
  2405 | D:3      | 2405 ||| FLEEEEING.
  2406 | D:3      | 2406 ||| FLEEEEING.
  2407 | D:3      | 2407 ||| FLEEEEING.
  2408 | D:3      | 2408 ||| FLEEEEING.
  2409 | D:3      | 2409 ||| FLEEEEING.
  2410 | D:3      | 2410 ||| FLEEEEING.
  2411 | D:3      | 2411 ||| FLEEEEING.
  2854 | D:4      | 2854 ||| STAIRDANCE
  2859 | D:4      | 2859 ||| STAIRDANCE
  2867 | D:3      | Reached XP level 5. HP: 16/32 MP: 5/5
  2869 | D:3      | HP: 6/32 [frozen (3)]
  2870 | D:3      | 2870 ||| DRINKING potion of heal wounds.
  2895 | D:4      | 2895 ||| STAIRDANCE
  2921 | D:4      | Reached skill level 6 in Ranged Weapons
  2923 | D:4      | Found a snail-covered altar of Cheibriados.
  2948 | D:4      | Reached XP level 6. HP: 22/38 MP: 6/6
  2959 | D:4      | 2959 ||| FLEEEEING.
  2961 | D:4      | 2961 ||| FLEEEEING.
  2964 | D:4      | 2964 ||| FLEEEEING.
  2967 | D:4      | 2967 ||| STAIRDANCE
  3019 | D:3      | 3019 ||| READING scroll labelled ROPPORH SIOKKO.
  3162 | D:4      | HP: 7/38 [gnoll/+0 halberd (13)]
  3162 | D:4      | Slain by a gnoll

Levels and vault maps discovered:
D:1:      dpeg_cavernosity, layout_basic, nrook_campfire
D:2:      layout_basic, ebering_ecumenical_altar_box
D:3:      layout_loops_ring, led_sif_book, xom_confusion_cloud
D:4:      layout_cave_pools, mainiacjoe_overflow_tiny_flanked,
          nicolae_ru_the_path_less_chosen, hex_medium

Skill      XL: |  1  2  3  4  5  6 |
---------------+-------------------+-----
Ranged Weapons | 5 6 |  6.8
Armour         | 1 |  1.0
Fighting       | 3 4 |  4.2
Dodging        | |  1.5
Stealth        | |  1.1

Action                     |  1- 3 |  4- 6 || total
---------------------------+-------+-------++-------
   Fire: Shortbow          |   140 |   126 ||   266
    Use: Scroll            |     5 |     1 ||     6
         Potion            |     3 |     1 ||     4
 Armour: Leather armour    |    29 |       ||    29
         Ring mail         |    14 |    82 ||    96
  Dodge: Dodged            |    48 |    47 ||    95

Table legend:
 A = Non-vault XP
 B = Vault XP
 C = Vault XP percentage of total XP
 D = Non-vault monster count
 E = Vault monster count
 F = Vault count percentage of total count
                 A         B        C        D         E       F
            +---------+---------+-------+---------+---------+-------
      Total |     463 |      51 |   9.9 |      61 |       9 |  12.9
            +---------+---------+-------+---------+---------+-------
        D:1 |      35 |       6 |  14.6 |      19 |       4 |  17.4
        D:2 |      23 |       0 |   0.0 |      14 |       0 |   0.0
        D:3 |      93 |      45 |  32.6 |      17 |       5 |  22.7
        D:4 |     312 |       0 |   0.0 |      11 |       0 |   0.0
            +---------+---------+-------+---------+---------+-------
